 Dungeon Crawl Stone Soup version 0.25-a0-1036-g6f112fb28d (webtiles) character file.

Game seed: 7853551330098711084, levelgen mode: deterministic

4799 Conn the Covert (level 10, 0/63 HPs)
             Began as an Octopode Wizard on May 12, 2020.
             Was an Elder of Sif Muna.
             Slain by a troll (11 damage)
             ... on level 9 of the Dungeon.
             The game lasted 00:29:22 (10153 turns).

Conn the Covert (Octopode Wizard)                  Turns: 10153, Time: 00:29:22

Health: 0/63       AC:  2    Str:  3    XL:     10   Next: 48%
Magic:  12/19      EV: 17    Int: 32    God:    Sif Muna [****..]
Gold:   469        SH:  0    Dex: 10    Spells: 9/21 levels left

rFire    . . .     SeeInvis .   y - +10 dagger "Focze" {flame, *Drain rPois Str-3 Int+7}
rCold    . . .     Gourm    .   (no shield)
rNeg     . . .     Faith    .   g - +1 hat
rPois    +         Spirit   .   o - amulet of the acrobat
rElec    .         Reflect  .   z - +3 ring of evasion
rCorr    .         Harm     .   (no ring)
MR       .....                  (no ring)
Stlth    +++++.....             (no ring)
HPRegen  0.20/turn              (no ring)
MPRegen  0.16/turn              (no ring)
                                (no ring)
                                (no ring)

@: no status effects
A: almost no armour, stealthy swim, amphibious, 8 rings, constrict 8, camouflage
1, gelatinous body 1
a: Channel Magic, Forget Spell, Divine Exegesis, Renounce Religion


You were on level 9 of the Dungeon.
You worshipped Sif Muna.
Sif Muna was greatly pleased with you.
You were not hungry.

You visited 1 branch of the dungeon, and saw 9 of its levels.

You collected 469 gold pieces.

Inventory:

Hand Weapons
 a - a +0 dagger
 b - a +0 hunting sling
 n - a +1 short sword of venom
 x - the +4 dagger of Exchange {drain, Dex+2}
   (You took it off a centaur on level 5 of the Dungeon)

   A truly terrible weapon, it drains the life of those it strikes.
   It affects your dexterity (+2).
 y - the +10 dagger "Focze" (weapon) {flame, *Drain rPois Str-3 Int+7}
   (You found it on level 5 of the Dungeon)

   It has been specially enchanted to burn those struck by it, causing extra
   injury to most foes and up to half again as much damage against particularly
   susceptible opponents.
   It affects your strength (-3).
   It affects your intelligence (+7).
   It protects you from poison.
   It causes draining when unequipped.
Missiles
 i - 59 sling bullets
 j - 11 curare-tipped darts (quivered)
Armour
 g - a +1 hat (worn)
Jewellery
 o - an amulet of the acrobat (around mantle)
 z - a +3 ring of evasion (left tentacle)
Wands
 v - a wand of polymorph (19)
 A - a wand of disintegration (8)
 E - a wand of flame (9)
Scrolls
 d - 11 scrolls of identify
 e - 6 scrolls of teleportation
 f - 5 scrolls of random uselessness
 k - 2 scrolls of enchant weapon
 p - a scroll of acquirement {unknown}
 B - a scroll of enchant armour
 C - a scroll of remove curse
 F - a scroll of immolation
 G - a scroll of magic mapping
Potions
 h - a potion of brilliance
 l - 3 potions of haste {unknown}
 m - a potion of lignification {unknown}
 q - a potion of degeneration {unknown}
 r - a potion of berserk rage {unknown}
 s - 2 potions of might {unknown}
 t - 2 potions of flight {unknown}
 u - 4 potions of ambrosia {unknown}
 w - a potion of magic {unknown}
 H - a potion of invisibility
Comestibles
 c - 13 rations
 D - 2 chunks of flesh


   Skills:
 + Level 3.5 Fighting
 + Level 5.2 Short Blades
 + Level 0.1 Throwing
 + Level 4.6 Dodging
 + Level 8.1 Stealth
 + Level 6.2 Spellcasting
 * Level 5.0 Conjurations
 + Level 2.0 Summonings
 * Level 5.6 Translocations
 * Level 5.0 Fire Magic
 + Level 1.7 Air Magic
 + Level 2.6 Poison Magic
 + Level 1.3 Evocations


You had 9 spell levels left.
You knew the following spells:

 Your Spells              Type           Power        Failure   Level  Hunger
a - Magic Dart            Conj           ####         1%          1    None
b - Blink                 Tloc           N/A          1%          2    None
c - Call Imp              Summ           ###.....     3%          2    None
d - Conjure Flame         Conj/Fire      #####...     1%          3    None
e - Mephitic Cloud        Conj/Pois/Air  ####....     3%          3    None
f - Foxfire               Conj/Fire      ####         1%          1    None

Your spell library contained the following spells:

 Spells                   Type           Power        Failure   Level  Hunger
 Slow                     Hex            #.......     7%          2    None
 Bolt of Magma            Conj/Fire/Erth ####......   32%         5    #####..
 Iskenderun's Battlesphe  Conj/Chrm      ####....     41%         5    #####..
 Iron Shot                Conj/Erth      ####......   94%         6    ######.
 Orb of Destruction       Conj           #####.....   99%         7    #######
 Spellforged Servitor     Conj/Summ      ####......   100%        7    #######


Dungeon Overview and Level Annotations

Branches:
Dungeon (9/15)             Temple (0/1) D:4             Orc (0/2) D:9
   Lair: D:8-11

Altars:
Ashenzari
Elyvilon
Gozag
Nemelex Xobeh
Qazlal
Sif Muna
Xom
Yredelemnul
The Shining One

Shops:
D:9 }


Innate Abilities, Weirdness & Mutations

You cannot wear most types of armour.
You are very stealthy in the water. (Stealth+)
You are amphibious.
You can wear up to eight rings at the same time.
You can use your tentacles to constrict eight enemies at once.
Your skin changes colour to match your surroundings (Stealth+).
Your rubbery body absorbs attacks. (AC +1, EV +1)


Message History

Aim: a troll (moderately wounded, confused)
The magic dart hits the troll.
The troll is moderately wounded.
You puncture the troll! You burn the troll.
The troll is heavily wounded.
An ogre comes into view. It is wielding a +0 giant club.
Casting: Magic Dart (safe; 1% risk of failure)
Confirm with . or Enter, or press ? or * to list all spells.
Aiming: Magic Dart (safe; 1% risk of failure)
Press: ? - help, Shift-Dir - straight line, f/p - troll
Aim: a troll (heavily wounded, confused)
The magic dart hits the troll.
The troll is severely wounded.
The ogre shouts!
You hit the troll. You burn the troll.
The troll is severely wounded.
The troll bites you!!
* * * LOW HITPOINT WARNING * * *
The troll claws you!
You die...

.$. .# #.. ### ##+## ..## .. ..#
##...## .... ###.##.# ##.....##
###.### ....#..#
##.......####.....## #
#####...####.........##.8...8.#.#
...........O.........'#.......#.#
#####...####..........)..._.....#
##...# ##...@...###.......#
.....# ##.T...## #.8...8.#
#.#...# ##...## ##.....## #.#####
##+## ###.### # #.#.# #...# ###.#
#.# #########.#


You could see a troll (confused) and an ogre.

Vanquished Creatures
  A two-headed ogre (D:8)
  Erica (D:9)
  A hippogriff (D:9)
  A spriggan (D:7)
  A hungry ghost (D:9)
  Duvessa (D:5)
  2 ice beasts
  5 ogres
  3 orc warriors (D:9)
  A centaur (D:5)
  A phantom (D:4)
  5 bullfrogs
  Dowan (D:5)
  A wyvern skeleton (D:9)
  2 scorpions
  6 killer bees (D:7)
  A howler monkey (D:6)
  A quasit (D:6)
  3 crimson imps
  4 orc priests
  3 hounds
  A jelly (D:7)
  A bullfrog skeleton (D:7)
  4 orc wizards
  A centaur skeleton (D:9)
  2 iguanas
  10 worker ants
  A hound zombie (D:5)
  A hound skeleton (D:8)
  A worker ant zombie (D:7)
  3 gnolls (D:6)
  10 adders
  2 adder zombies
  3 worms
  3 dart slugs
  3 leopard geckos
  32 orcs
  4 bats
  5 giant cockroaches
  9 goblins
  3 hobgoblins
  9 jackals
  8 kobolds
  3 quokkas
  3 frilled lizards
  2 gnoll zombies (D:6)
  A jackal zombie (D:6)
  A leopard gecko skeleton (D:8)
  A quokka skeleton (D:5)
  9 rats
181 creatures vanquished.

Vanquished Creatures (collateral kills)
  The ghost of fritzmikael the Firebug, a weakling DEFE (D:4)
  A centaur zombie (D:5)
  A worker ant (D:3)
  An adder (D:5)
  A howler monkey skeleton (D:4)
  A shadow imp (D:5)
  An adder skeleton (D:4)
  2 worms
  3 orcs
  A giant cockroach (D:4)
  A kobold (D:3)
  A rat (D:3)
15 creatures vanquished.

Vanquished Creatures (others)
  22 foxfires
22 creatures vanquished.

Grand Total: 218 creatures vanquished

Notes
Turn   | Place    | Note
-------+----------+-------------------------------------------
     0 | D:1      | Conn the Octopode Wizard began the quest for the Orb.
     0 | D:1      | Reached XP level 1. HP: 11/11 MP: 4/4
   297 | D:1      | Reached XP level 2. HP: 17/17 MP: 3/6
   833 | D:1      | Learned a level 2 spell: Blink
   836 | D:1      | Learned a level 2 spell: Call Imp
   857 | D:2      | Reached skill level 3 in Stealth
   857 | D:2      | Reached XP level 3. HP: 21/21 MP: 1/8
   862 | D:2      | Learned a level 3 spell: Conjure Flame
  1636 | D:2      | Reached XP level 4. HP: 27/27 MP: 3/10
  1645 | D:2      | Learned a level 3 spell: Mephitic Cloud
  1985 | D:2      | Found a stormy altar of Qazlal.
  1988 | D:2      | Found an opulent altar of Gozag.
  2076 | D:3      | Found a glowing golden altar of the Shining One.
  2458 | D:3      | Found a shimmering blue altar of Sif Muna.
  2463 | D:3      | Became a worshipper of Sif Muna the Loreminder
  2465 | D:3      | Reached skill level 1 in Poison Magic
  2465 | D:3      | Reached XP level 5. HP: 28/31 MP: 7/11
  2472 | D:3      | Reached skill level 4 in Stealth
  2481 | D:3      | Identified Sif Muna's Reference Book on Confrontation
  2486 | D:3      | Learned a level 1 spell: Foxfire
  3619 | D:4      | Reached * piety under Sif Muna
  3634 | D:4      | Reached XP level 6. HP: 23/37 MP: 2/13
  4010 | D:4      | Found a staircase to the Ecumenical Temple.
  4027 | D:4      | Found a transporter.
  4064 | D:4      | Noticed fritzmikael's ghost (weakling DEFE)
  4065 | D:4      | Found a transporter.
  4394 | D:4      | Found a white marble altar of Elyvilon.
  4402 | D:4      | Noticed a phantom
  4437 | D:4      | Killed a phantom
  4437 | D:4      | Reached skill level 1 in Fire Magic
  4505 | D:4      | Found a shimmering altar of Xom.
  4676 | D:4      | Killed fritzmikael's ghost
  4843 | D:5      | Entered Level 5 of the Dungeon
  4870 | D:5      | Reached skill level 5 in Spellcasting
  4870 | D:5      | Reached XP level 7. HP: 42/42 MP: 5/14
  4900 | D:5      | Reached skill level 1 in Short Blades
  5132 | D:5      | Identified the +4 dagger of Exchange {drain, Dex+2}
  5470 | D:5      | Got a faintly glowing dagger
  5471 | D:5      | Lost strength.
  5471 | D:5      | Identified the +10 dagger "Focze" {flame, *Drain rPois
                  | Str-3 Int+7} (You found it on level 5 of the Dungeon)
  5531 | D:5      | Noticed Dowan
  5532 | D:5      | Noticed Duvessa
  5560 | D:5      | Killed Duvessa
  5560 | D:5      | Reached skill level 1 in Fighting
  5562 | D:5      | Killed Dowan
  5929 | D:5      | Reached XP level 8. HP: 47/48 MP: 15/15
  6094 | D:6      | Found a sparkling altar of Nemelex Xobeh.
  6545 | D:6      | Reached skill level 1 in Evocations
  6562 | D:6      | Reached ** piety under Sif Muna
  6925 | D:6      | Found a shimmering altar of Xom.
  6928 | D:6      | Found a shimmering altar of Xom.
  7335 | D:6      | Found a basalt altar of Yredelemnul.
  7808 | D:7      | Reached skill level 5 in Stealth
  7920 | D:7      | Reached *** piety under Sif Muna
  7925 | D:7      | Reached XP level 9. HP: 30/55 MP: 7/17
  8392 | D:8      | Reached skill level 6 in Stealth
  8519 | D:8      | Found a shattered altar of Ashenzari.
  8649 | D:8      | Noticed a two-headed ogre
  8679 | D:8      | Killed a two-headed ogre
  8679 | D:8      | Reached skill level 1 in Air Magic
  8956 | D:8      | Reached skill level 5 in Translocations
  9387 | D:8      | Reached skill level 7 in Stealth
  9387 | D:8      | Reached XP level 10. HP: 63/63 MP: 9/18
  9510 | D:9      | Found Ypnoulaz's Gadget Shoppe.
  9513 | D:9      | Reached skill level 5 in Short Blades
  9875 | D:9      | Found a staircase to the Orcish Mines.
  9899 | D:9      | Reached **** piety under Sif Muna
 10087 | D:9      | Found an opulent altar of Gozag.
 10089 | D:9      | Noticed Erica
 10099 | D:9      | Killed Erica
 10099 | D:9      | Reached skill level 8 in Stealth
 10099 | D:9      | Reached skill level 5 in Conjurations
 10099 | D:9      | Reached skill level 5 in Fire Magic
 10153 | D:9      | Slain by a troll

Illustrated notes

Levels and vault maps discovered:
D:1:      scummos_arrival_checkerplants, layout_rooms
D:2:      layout_loops_ring, minitemple
D:3:      kennysheep_big_flooded_room, layout_loops_ring, led_sif_book,
          tso_altar, first_ration, minmay_diced_spiral
D:4:      cheibrodos_quashed, layout_rooms, lemuel_round_altar,
          minmay_temple_entry_drinking_statues, gammafunk_ghost_mausoleum,
          lemuel_altar_in_water
D:5:      layout_basic, uniq_duvessa
D:6:      layout_loops_ring, xom_redecorated, nemelex_xobeh_ov_fountains_minmay,
          lemuel_zombie_altar_yredelemnul
D:7:      layout_loops_ring, the_bakery
D:8:      layout_basic, lemuel_round_altar, serial_glass, glass_columns_c,
          glass_columns_c, glass_columns_a, glass_columns_b, glass_columns_a,
          glass_columns_c
D:9:      minmay_bloctagon_deflated, layout_loops_corners,
          kiku_gazebo_pond_becter, amethyst_overflow_temple_binary, david_orc_2,
          serial_shops, shop_statue, grunt_gozag_statues, uniq_erica

Skill      XL: |  1  2  3  4  5  6  7  8  9 10 |
---------------+-------------------------------+-----
Stealth        | 3 4 5 7 8 |  8.1
Spellcasting   | 4 5 6 |  6.2
Poison Magic   | 1 2 |  2.6
Conjurations   | 2 3 4 5 |  5.0
Fire Magic     | 1 2 3 4 5 |  5.0
Short Blades   | 2 3 4 5 |  5.2
Translocations | 2 4 5 |  5.6
Fighting       | 1 2 3 |  3.5
Dodging        | 3 4 |  4.6
Summonings     | 2 |  2.0
Evocations     | 1 |  1.3
Air Magic      | 1 |  1.7
Throwing       | |  0.1

Action                   |  1- 3 |  4- 6 |  7- 9 | 10-12 || total
-------------------------+-------+-------+-------+-------++-------
Melee: Unarmed           |    17 |       |       |       ||    17
       Constrict         |    13 |    17 |    40 |     9 ||    79
       Tentacles         |    12 |    10 |    28 |     6 ||    56
       Dagger            |    45 |       |   200 |    72 ||   317
       Short sword       |     2 |    64 |     9 |       ||    75
Throw: Dart              |       |       |     1 |       ||     1
 Cast: Magic Dart        |    50 |    65 |    74 |    12 ||   201
       Call Imp          |     3 |    12 |     3 |       ||    18
       Blink             |       |     2 |     5 |     1 ||     8
       Mephitic Cloud    |       |     2 |    11 |     6 ||    19
       Foxfire           |       |    12 |       |       ||    12
       Conjure Flame     |       |     2 |     2 |       ||     4
Evoke: Wand              |       |       |     4 |       ||     4
  Use: Scroll            |       |     6 |     7 |       ||    13
 Stab: Sleeping          |     5 |     8 |     9 |     2 ||    24
       Confused          |       |       |       |     3 ||     3
  Eat: Chunk             |     2 |     9 |    12 |     3 ||    26
       Ration            |       |       |     1 |       ||     1
Armor: Skin              |     4 |     5 |    11 |     2 ||    22
Dodge: Dodged            |    52 |    45 |   129 |    47 ||   273

Table legend:
 A = Non-vault XP
 B = Vault XP
 C = Vault XP percentage of total XP
 D = Non-vault monster count
 E = Vault monster count
 F = Vault count percentage of total count
                 A         B        C        D         E       F
            +---------+---------+-------+---------+---------+-------
      Total |    4855 |    2002 |  29.2 |     166 |      30 |  15.3
            +---------+---------+-------+---------+---------+-------
        D:1 |      33 |       0 |   0.0 |      19 |       0 |   0.0
        D:2 |      78 |       0 |   0.0 |      23 |       0 |   0.0
        D:3 |      86 |     103 |  54.5 |      23 |       9 |  28.1
        D:4 |     221 |      43 |  16.3 |       7 |       4 |  36.4
        D:5 |     430 |     225 |  34.4 |      16 |       2 |  11.1
        D:6 |     620 |       3 |   0.5 |      28 |       2 |   6.7
        D:7 |     715 |     220 |  23.5 |      20 |       1 |   4.8
        D:8 |    1950 |       0 |   0.0 |      21 |       0 |   0.0
        D:9 |     722 |    1408 |  66.1 |       9 |      12 |  57.1
            +---------+---------+-------+---------+---------+-------
